BSA
GREENVILLE 84S @ ST. LOUIS BROWNS
03/27/2028
 
TOP OF THE 1ST
Greenville 84s batting - Pitching for St. Louis Browns : LHP Bernardo Miranda
Pitching: LHP Bernardo Miranda
Batting: RHB Carlos Torres 0-0: Swinging Strike
0-1: Ball
1-1: Ball
2-1: Ball
3-1: Called Strike
3-2: Ground out U3 (Groundball, 3)
Batting: LHB Chris Moore 0-0: Ball
1-0: Called Strike
1-1: Called Strike
1-2: Strikes out swinging
Batting: RHB Enzo Díaz 0-0: Called Strike
0-1: Ground out 3-1 (Groundball, 34S)
Top of the 1st over - 0 run(s), 0 hit(s), 0 error(s), 0 left on base; Greenville 0 - St. Louis 0
BOTTOM OF THE 1ST
St. Louis Browns batting - Pitching for Greenville 84s : RHP Vicente Durán
Pitching: RHP Vicente Durán
Batting: LHB Robin Hill 0-0: Ball
1-0: Ball
2-0: Swinging Strike
2-1: Ball
3-1: Foul Ball, location: 2F
3-2: Fly out, F4 (Popup, 34S)
Batting: RHB Carlos Alfaro 0-0: Ball
1-0: Ball
2-0: Ball
3-0: Called Strike
3-1: Called Strike
3-2: Foul Ball, location: 2F
3-2: SINGLE (Groundball, 56D)
Batting: LHB Mike Hill 0-0: Ball
1-0: Called Strike
1-1: Ball
2-1: Foul Ball, location: 2F
2-2: Foul Ball, location: 2F
2-2: Foul Ball, location: 2F
2-2: Ball
3-2: Foul Ball, location: 2F
3-2: SINGLE (Line Drive, 7LM)
Carlos Alfaro to second
Batting: LHB Jorge Torres 0-0: Fly out, F9 (Flyball, 9D)
Runner from 2nd tags up, SAFE at 3rd, no throw
Batting: LHB Bob Ware 0-0: Ball
1-0: Ball
2-0: Ball
3-0: Base on Balls
Mike Hill to second
Batting: LHB Junior Coates 0-0: Ball
1-0: Called Strike
1-1: Foul Ball, location: 2F
1-2: Ball
2-2: Strikes out swinging
Bottom of the 1st over - 0 run(s), 2 hit(s), 0 error(s), 3 left on base; Greenville 0 - St. Louis 0
TOP OF THE 2ND
Greenville 84s batting - Pitching for St. Louis Browns : LHP Bernardo Miranda
Batting: LHB Brock Larsen 0-0: Fly out, F9 (Flyball, 9LS)
Batting: LHB Paco Rosas 0-0: Ball
1-0: Swinging Strike
1-1: Foul Ball, location: 2F
1-2: Foul Ball, location: 2F
1-2: Foul Ball, location: 2F
1-2: Ball
2-2: Ball
3-2: Fly out, F9 (Flyball, 9S)
Batting: LHB Jimmy Vickers 0-0: Ball
1-0: Ball
2-0: Foul Ball, location: 2F
2-1: Ground out 4-3 (Groundball, 4M)
Top of the 2nd over - 0 run(s), 0 hit(s), 0 error(s), 0 left on base; Greenville 0 - St. Louis 0
BOTTOM OF THE 2ND
St. Louis Browns batting - Pitching for Greenville 84s : RHP Vicente Durán
Batting: RHB Anthony Rucker 0-0: Called Strike
0-1: Swinging Strike
0-2: Foul Ball, location: 2F
0-2: Ball
1-2: Ball
2-2: Foul Ball, location: 2F
2-2: Ball
3-2: Strikes out swinging
Batting: RHB Jeff Jones 0-0: Ball
1-0: Ball
2-0: Fly out, F8 (Flyball, 8RS)
Batting: LHB John Cotton 0-0: Fly out, F3 (Line Drive, 3)
Bottom of the 2nd over - 0 run(s), 0 hit(s), 0 error(s), 0 left on base; Greenville 0 - St. Louis 0
TOP OF THE 3RD
Greenville 84s batting - Pitching for St. Louis Browns : LHP Bernardo Miranda
Batting: LHB Robert Moore 0-0: Called Strike
0-1: Ball
1-1: DOUBLE (Flyball, 89D)
Batting: RHB Robert Buckley 0-0: Called Strike
0-1: Ball
1-1: Called Strike
1-2: Strikes out looking
Batting: LHB José Costa 0-0: Called Strike
0-1: Ball
1-1: Ground out U3 (Groundball, 3)
Robert Moore to third
Batting: RHB Carlos Torres 0-0: Called Strike
0-1: SINGLE (Groundball, 4D)
Robert Moore scores
Batting: LHB Chris Moore 0-0: Called Strike
0-1: Ball
1-1: Ball
2-1: Called Strike
2-2: Ball
3-2: Strikes out swinging
Top of the 3rd over - 1 run(s), 2 hit(s), 0 error(s), 1 left on base; Greenville 1 - St. Louis 0
BOTTOM OF THE 3RD
St. Louis Browns batting - Pitching for Greenville 84s : RHP Vicente Durán
Batting: LHB Robin Hill 0-0: Ball
1-0: Foul Ball, location: 2F
1-1: Swinging Strike
1-2: SINGLE (Line Drive, 78M)
Batting: RHB Carlos Alfaro 0-0: Swinging Strike
0-1: Ball
1-1: Fly out, F8 (Flyball, 89D)
Batting: LHB Mike Hill 0-0: Ball
1-0: Ball
2-0: 2-RUN HOME RUN (Flyball, 9D), Distance : 383 ft
Batting: LHB Jorge Torres 0-0: Called Strike
0-1: Ball
1-1: SOLO HOME RUN (Flyball, 89XD), Distance : 427 ft
Batting: LHB Bob Ware 0-0: Ball
1-0: Ball
2-0: Swinging Strike
2-1: Foul Ball, location: 2F
2-2: Foul Ball, location: 2F
2-2: Fly out, F7 (Flyball, 7S)
Batting: LHB Junior Coates 0-0: Called Strike
0-1: Ball
1-1: Foul Ball, location: 2F
1-2: Ball
2-2: Foul Ball, location: 2F
2-2: Fly out, F5 (Popup, 56)
Bottom of the 3rd over - 3 run(s), 3 hit(s), 0 error(s), 0 left on base; Greenville 1 - St. Louis 3
TOP OF THE 4TH
Greenville 84s batting - Pitching for St. Louis Browns : LHP Bernardo Miranda
Batting: RHB Enzo Díaz 0-0: Foul Ball, location: 2F
0-1: Called Strike
0-2: Ground out 4-3 (Groundball, 4D)
Batting: LHB Brock Larsen 0-0: Foul Ball, location: 2F
0-1: Ball
1-1: Ground out 5-3 (Groundball, 56)
Batting: LHB Paco Rosas 0-0: Ball
1-0: Called Strike
1-1: DOUBLE (Groundball, 3L)
Batting: LHB Jimmy Vickers 0-0: Ball
1-0: Called Strike
1-1: Ball
2-1: Swinging Strike
2-2: Ground out 4-3 (Groundball, 4)
Top of the 4th over - 0 run(s), 1 hit(s), 0 error(s), 1 left on base; Greenville 1 - St. Louis 3
BOTTOM OF THE 4TH
St. Louis Browns batting - Pitching for Greenville 84s : RHP Vicente Durán
Batting: RHB Anthony Rucker 0-0: Ball
1-0: Foul Ball, location: 2F
1-1: Ball
2-1: Called Strike
2-2: SINGLE (Groundball, 6MD)
Batting: RHB Jeff Jones 0-0: Ball
1-0: Called Strike
1-1: Ball
2-1: Ball
3-1: Fly out, F8 (Flyball, 8LS)
Batting: LHB John Cotton 0-0: Called Strike
Anthony Rucker steals 2nd base
0-1: Foul Ball, location: 2F
0-2: Ball
1-2: Ball
2-2: Foul Ball, location: 2F
2-2: Ground out U3 (Groundball, 3L)
Anthony Rucker to third
Batting: LHB Robin Hill 0-0: Ball
1-0: SINGLE (Line Drive, 34D)
Anthony Rucker scores
Batting: RHB Carlos Alfaro 0-0: Ball
1-0: Fly out, F8 (Flyball, 8LD)
Bottom of the 4th over - 1 run(s), 2 hit(s), 0 error(s), 1 left on base; Greenville 1 - St. Louis 4
TOP OF THE 5TH
Greenville 84s batting - Pitching for St. Louis Browns : LHP Bernardo Miranda
Pitching: RHP António López
Batting: LHB Robert Moore 0-0: Ball
1-0: Ground out U3 (Groundball, 3L)
Batting: RHB Robert Buckley 0-0: Ball
1-0: Called Strike
1-1: Foul Ball, location: 2F
1-2: Strikes out swinging
Batting: LHB José Costa 0-0: Ball
1-0: Called Strike
1-1: Ball
2-1: Foul Ball, location: 2F
2-2: Strikes out swinging
Top of the 5th over - 0 run(s), 0 hit(s), 0 error(s), 0 left on base; Greenville 1 - St. Louis 4
BOTTOM OF THE 5TH
St. Louis Browns batting - Pitching for Greenville 84s : RHP Vicente Durán
Pitching: LHP Francisco Ríos
Batting: LHB Mike Hill 0-0: SINGLE (Groundball, 56D)
Batting: LHB Jorge Torres 0-0: Grounds into double play, 4-6-3 (Groundball, 4)
Batting: LHB Bob Ware 0-0: SINGLE (Groundball, 25) (infield hit)
Batting: LHB Junior Coates 0-0: Called Strike
0-1: Called Strike
0-2: Strikes out swinging
Bottom of the 5th over - 0 run(s), 2 hit(s), 0 error(s), 1 left on base; Greenville 1 - St. Louis 4
TOP OF THE 6TH
Greenville 84s batting - Pitching for St. Louis Browns : RHP António López
Batting: RHB Carlos Torres 0-0: Ball
1-0: Foul Ball, location: 2F
1-1: Bunt missed!
1-2: Ball
2-2: Fly out, F9 (Flyball, 9D)
Batting: LHB Chris Moore 0-0: Ball
1-0: Swinging Strike
1-1: Swinging Strike
1-2: Ball
2-2: Ball
3-2: Foul Ball, location: 2F
3-2: Strikes out swinging
Batting: RHB Enzo Díaz 0-0: Ball
1-0: Foul Ball, location: 2F
1-1: Ball
2-1: Called Strike
2-2: Ground out 5-3 (Groundball, 5)
Top of the 6th over - 0 run(s), 0 hit(s), 0 error(s), 0 left on base; Greenville 1 - St. Louis 4
BOTTOM OF THE 6TH
St. Louis Browns batting - Pitching for Greenville 84s : LHP Francisco Ríos
Batting: RHB Anthony Rucker 0-0: Ball
1-0: Swinging Strike
1-1: Swinging Strike
1-2: Strikes out looking
Batting: RHB Jeff Jones 0-0: Called Strike
0-1: Called Strike
0-2: Strikes out swinging
Batting: LHB John Cotton 0-0: Ball
1-0: Ball
2-0: Fly out, F8 (Flyball, 8LS)
Bottom of the 6th over - 0 run(s), 0 hit(s), 0 error(s), 0 left on base; Greenville 1 - St. Louis 4
TOP OF THE 7TH
Greenville 84s batting - Pitching for St. Louis Browns : RHP António López
Batting: LHB Brock Larsen 0-0: Called Strike
0-1: Swinging Strike
0-2: Ball
1-2: Ball
2-2: Strikes out swinging
Batting: LHB Paco Rosas 0-0: Ball
1-0: Called Strike
1-1: Foul Ball, location: 2F
1-2: Fly out, F4 (Popup, 4)
Batting: LHB Jimmy Vickers 0-0: Fly out, F9 (Flyball, 89M)
Top of the 7th over - 0 run(s), 0 hit(s), 0 error(s), 0 left on base; Greenville 1 - St. Louis 4
BOTTOM OF THE 7TH
St. Louis Browns batting - Pitching for Greenville 84s : LHP Francisco Ríos
Pitching: RHP Paco Ruíz
Pinch Hitting: LHB David Cháves 0-0: Foul Ball, location: 2F
0-1: Ball
1-1: SINGLE (Groundball, 6D)
Pinch Hitting: LHB Bill Murphy 0-0: Sac Bunt - play at first, batter OUT! U3
David Cháves to second
Pinch Hitting: RHB Vicente Valentín 0-0: Called Strike
David Cháves steals 3rd base
0-1: Ball
1-1: Swinging Strike
1-2: Strikes out looking
Batting: LHB Jorge Torres 0-0: Ground out U3 (Groundball, 34)
Bottom of the 7th over - 0 run(s), 1 hit(s), 0 error(s), 1 left on base; Greenville 1 - St. Louis 4
TOP OF THE 8TH
Greenville 84s batting - Pitching for St. Louis Browns : RHP António López
Pitching: LHP León Hernández
Now at SS: Bill Murphy
Now in LF: David Cháves
Now in RF: Vicente Valentín
Batting: LHB Robert Moore 0-0: Called Strike
0-1: Foul Ball, location: 2F
0-2: Ball
1-2: Ground out 4-3 (Groundball, 4)
Batting: RHB Robert Buckley 0-0: Swinging Strike
0-1: Called Strike
0-2: Strikes out looking
Batting: LHB José Costa 0-0: Foul Ball, location: 2F
0-1: Foul Ball, location: 2F
0-2: Ground out 6-3 (Groundball, 6)
Top of the 8th over - 0 run(s), 0 hit(s), 0 error(s), 0 left on base; Greenville 1 - St. Louis 4
BOTTOM OF THE 8TH
St. Louis Browns batting - Pitching for Greenville 84s : RHP Paco Ruíz
Pinch Hitting: RHB Paco Castillo 0-0: Ball
1-0: Ball
2-0: Fly out, F7 (Line Drive, 78XD)
Pinch Hitting: LHB Pepe Vázquez 0-0: Foul Ball, location: 2F
0-1: Ball
1-1: Foul Ball, location: 2F
1-2: Foul Ball, location: 2F
1-2: Foul Ball, location: 2F
1-2: Fly out, F8 (Flyball, 8RD)
Batting: RHB Danny Walker 0-0: Ball
1-0: Foul Ball, location: 2F
1-1: Ball
2-1: Foul Ball, location: 2F
2-2: Strikes out looking
Bottom of the 8th over - 0 run(s), 0 hit(s), 0 error(s), 0 left on base; Greenville 1 - St. Louis 4
TOP OF THE 9TH
Greenville 84s batting - Pitching for St. Louis Browns : LHP León Hernández
Pitching: RHP Ramón Silva
Now at SS: Octávio Marín
Now in CF: Pepe Vázquez
Batting: RHB Carlos Torres 0-0: Ball
1-0: Called Strike
1-1: Ground out 5-3 (Groundball, 56)
Pinch Hitting: RHB Vic Langlois 0-0: Ball
1-0: Fly out, F5 (Popup, 5S)
Batting: RHB Enzo Díaz 0-0: Ball
1-0: Swinging Strike
1-1: SINGLE (Line Drive, 89S)
Pinch Hitting: RHB Felipe Rodríguez 0-0: Called Strike
0-1: Ball
1-1: Ball
2-1: Called Strike
2-2: Ball
3-2: Base on Balls
Enzo Díaz to second
Batting: LHB Paco Rosas 0-0: Called Strike
0-1: Ball
1-1: Ball
2-1: Fly out, F6 (Line Drive, 6)
Top of the 9th over - 0 run(s), 1 hit(s), 0 error(s), 2 left on base; Greenville 1 - St. Louis 4
Tuesday, August 8th, 2017 - OOTP Baseball 17.12 Build 75